 Dungeon Crawl Stone Soup version 0.26.0-15-gc6cd9f700b (webtiles) character file.

Game seed: 12706660683616804453

84 flappity the Ducker (level 4, 0/33 HPs)
             Began as an Octopode Berserker on Jan 15, 2021.
             Was a Believer of Trog.
             Succumbed to an adder's poison
             ... on level 3 of the Dungeon.
             The game lasted 00:02:58 (2470 turns).

flappity the Ducker (Octopode Berserker)            Turns: 2470, Time: 00:02:58

Health: 0/33       AC:  1    Str: 17    XL:     4   Next: 45%
Magic:  4/4        EV: 14    Int:  9    God:    Trog [**....]
Gold:   89         SH:  0    Dex: 11    Spells: 3/3 levels left

rFire    . . .     SeeInvis .   a - +0 hand axe
rCold    . . .     Faith    .   (no shield)
rNeg     . . .     Spirit   .   (helmet restricted)
rPois    .         Reflect  .   n - amulet of inaccuracy
rElec    .         Harm     .   (no ring)
rCorr    .         Rampage  .   (no ring)
Will     .....                  (no ring)
Stlth    ++........             (no ring)
HPRegen  0.11/turn              (no ring)
MPRegen  0.09/turn              (no ring)
                                (no ring)
                                (no ring)

@: lethally poisoned (0 -> -12)
A: almost no armour, stealthy swim, amphibious, 8 rings, constrict 8, camouflage
1, gelatinous body 1
a: Renounce Religion, Berserk, Trog's Hand


You were on level 3 of the Dungeon.
You worshipped Trog.
Trog was pleased with you.
You visited 1 branch of the dungeon, and saw 3 of its levels.

You collected 89 gold pieces.


Innate Abilities, Weirdness & Mutations

You cannot wear most types of armour.
You are very stealthy in the water. (Stealth+)
You are amphibious.
You can wear up to eight rings at the same time.
You can use your tentacles to constrict eight enemies at once.
Your skin changes colour to match your surroundings (Stealth+).
Your rubbery body absorbs attacks. (AC +1, EV +1)


   Skills:
 + Level 3.8 Fighting
 + Level 3.8 Axes
 + Level 3.8 Dodging


You had 3 spell levels left.
You didn't know any spells.
Your spell library was empty.

Inventory:

Hand Weapons
 a - a +0 hand axe (weapon)
Missiles
 l - 14 poisoned darts (quivered)
Jewellery
 n - an amulet of inaccuracy (around mantle)
Wands
 o - a wand of enslavement (11)
Scrolls
 c - 2 scrolls of random uselessness
Potions
 f - a potion of cancellation {unknown}
 g - a potion of curing {unknown}
 h - 2 potions of lignification
 k - a potion of haste {unknown}
 m - 2 potions of berserk rage {unknown}


Message History

The hobgoblin closely misses you.
You hit the hobgoblin.
You kill the hobgoblin!
Trog accepts your kill.
You barely miss the adder. The adder barely misses you.
You barely miss the adder. The adder bites you.
You are poisoned.
The adder poisons you!
You take 5 damage.
You closely miss the adder.
You feel sick. The adder closely misses you. The adder bites you.
You are more poisoned.
The adder poisons you!
You take 5 damage.
You closely miss the adder.
You feel sick. The adder misses you.
You take 1 damage.
You are too injured to fight recklessly!
You are too injured to fight recklessly!
You are too injured to fight recklessly!
You are too injured to fight recklessly!
You completely miss the adder.
You feel sick. The adder bites you but does no damage.
The adder barely misses you.
You take 1 damage.
You barely miss the adder.
You feel sick. The adder bites you.
You take 5 damage.
You miss the adder.
You feel sick. The adder misses you.
You take 1 damage.
You barely miss the adder. The adder barely misses you. The adder misses you.
You closely miss the adder.
You feel sick. The adder bites you.
You are lethally poisoned!
The adder poisons you!
You take 4 damage.
You closely miss the adder.
You feel sick. The adder bites you.
You are more poisoned.
The adder poisons you! The adder bites you but does no damage.
You take 3 damage.
You completely miss the adder.
You feel sick. The adder bites you but does no damage.
You take 2 damage.
You barely miss the adder.
You feel sick. The adder closely misses you. The adder barely misses you.
You take 1 damage.
You miss the adder. You squeeze the adder.
The adder is lightly wounded.
You feel sick. The adder barely misses you.
You take 1 damage.
You barely miss the adder. You grab the adder.
The adder is lightly wounded.
You constrict the adder.
You die... ▒▒▒▒▒▒▒ ▒▒▒▒▒▒▒∙∙∙∙∙∙$ ▒∙∙∙∙∙▒∙∙∙∙∙∙∙ ▒▒∙∙∙∙∙▒∙∙∙∙∙∙∙ ■∙∙∙∙%x∙∙∙∙∙∙∙∙

▒▒∙∙∙%S▒∙∙∙∙∙∙∙
▒∙∙∙∙∙▒∙∙∙∙∙∙∙
▒∙∙∙∙∙▒▒▒▒▒▒▒▒
▒∙∙∙∙∙∙ ▒▒▒▒∙∙∙
▒∙∙∙ ▒∙∙∙▒


You could see an adder.

Vanquished Creatures
  An adder (D:2)
  An ooze (D:1)
  2 worms (D:2)
  4 dart slugs
  3 leopard geckos (D:2)
  7 bats
  A giant cockroach (D:2)
  6 goblins
  4 hobgoblins
  3 quokkas (D:2)
  7 frilled lizards
  7 kobolds
  12 rats
58 creatures vanquished.

Notes
Turn   | Place    | Note
-------+----------+-------------------------------------------
     0 | D:1      | flappity the Octopode Berserker began the quest for the
                  | Orb.
     0 | D:1      | Reached XP level 1. HP: 16/16 MP: 1/1
   188 | D:1      | Reached XP level 2. HP: 9/21 MP: 2/2
   188 | D:1      | HP: 4/21 [dart slug/slug dart (5)]
   609 | D:1      | Reached XP level 3. HP: 15/26 MP: 3/3
   960 | D:1      | Reached ** piety under Trog
  1748 | D:2      | Reached XP level 4. HP: 23/32 MP: 4/4
  1980 | D:2      | Found a faded altar of an unknown god.
  2136 | D:2      | Found a shimmering blue altar of Sif Muna.
  2465 | D:3      | HP: 9/33 [adder (4)]
  2467 | D:3      | HP: 4/33 [poisoned by an adder]
  2470 | D:3      | Succumbed to an adder's poison

Levels and vault maps discovered:
D:1:      scummos_arrival_checkerplants, layout_basic, minmay_pentomino_o2
D:2:      layout_loops_ring, led_sif_pool, chequers_ecumenical_altar_simple,
          chequers_garden, kennysheep_generic_room_14
D:3:      layout_basic

Action                   |  1- 3 |  4- 6 || total
-------------------------+-------+-------++-------
Melee: Hand axe          |    67 |    51 ||   118
       Constrict         |    27 |     9 ||    36
       Tentacles         |    13 |     9 ||    22
  Use: Scroll            |       |     6 ||     6
 Stab: Sleeping          |     3 |     4 ||     7
Armor: Skin              |    10 |     5 ||    15
Dodge: Dodged            |    52 |    34 ||    86
